 Dungeon Crawl Stone Soup version 0.30-a0-389-g8d7d949f56 (webtiles) character file.

Game seed: 18346749535964508522

4765 stonewall the Grappler (level 10, -5/126 HPs)
             Began as a Yellow Draconian Transmuter on Dec 3, 2022.
             Was a Believer of Makhleb.
             Slain by an eight-headed hydra (9 damage)
             ... on level 8 of the Dungeon.
             The game lasted 00:10:59 (7484 turns).

stonewall the Grappler (DrTm)                       Turns: 7484, Time: 00:11:00

Health: -5/126     AC:  8    Str: 18    XL:     10   Next: 23%
Magic:  14/14      EV: 12    Int: 13    God:    Makhleb [**....]
Gold:   350        SH:  0    Dex: 11    Spells: 5/15 levels left

rFire   . . .      SeeInvis +      - Unarmed
rCold   . . .      Faith    .    (no shield)
rNeg    . . .      Spirit   .    (body armour unavailable)
rPois   .          Reflect  .    (helmet restricted)
rElec   .          Harm     .    m - +0 cloak
rCorr   +          Rampage  .    (no gloves)
Will    .....                    (no boots)
Stlth   ..........               k - amulet of regeneration
HPRegen 1.21/turn                q - ring of see invisible
MPRegen 0.14/turn                b - ring of wizardry

@: mighty, berserking, very quick
A: spit acid, AC +7, unfitting armour, cold-blooded, acid resistance
a: Breathe Acid, Renounce Religion, Minor Destruction


You were on level 8 of the Dungeon.
You worshipped Makhleb.
Makhleb was pleased with you.
You visited 1 branch of the dungeon, and saw 8 of its levels.

You collected 471 gold pieces.
You spent 121 gold pieces at shops.

Inventory:

Hand Weapons
 n - the +7 mace of the Radish {venom, Fragile rCorr Int+7 Dex+2}
   (You found it on level 3 of the Dungeon)

   It poisons the flesh of those it strikes.
   Int:       It affects your intelligence (+7).
   Dex:       It affects your dexterity (+2).
   rCorr:     It protects you from acid and corrosion.
   Fragile:   It will be destroyed if unequipped.
Missiles
 g - 4 curare-tipped darts (quivered)
 h - 24 poisoned darts
 r - 4 javelins
Armour
 m - a +0 cloak (worn)
Jewellery
 b - a ring of wizardry (right hand)
 c - an amulet of magic regeneration
 j - an amulet of faith
 k - an amulet of regeneration (around neck)
 q - a ring of see invisible (left hand)
 v - a +6 ring of intelligence
Scrolls
 l - 2 scrolls of enchant weapon
 s - a scroll of enchant armour
 x - a scroll of blinking
Potions
 a - 4 potions of lignification
 d - 2 potions of might
 e - 4 potions of degeneration
 f - 2 potions of heal wounds
 i - 2 potions of brilliance
 o - a potion of cancellation
 p - a potion of invisibility
 t - a potion of haste {unknown}
 w - a potion of curing


   Skills:
 + Level 6.5 Fighting
 - Level 1.7 Dodging
 * Level 11.7 Unarmed Combat
 - Level 3.3 Spellcasting
 + Level 4.6 Transmutations
 + Level 4.0 Ice Magic
 - Level 3.9 Air Magic


You had 5 spell levels left.
You knew the following spells:

 Your Spells              Type           Power      Damage    Failure   Level
a - Beastly Appendage     Tmut           28%        N/A       1%          1
b - Wereblood             Tmut           14%        N/A       1%          2
c - Swiftness             Air            12%        N/A       5%          3
d - Ice Form              Ice/Tmut       13%        N/A       16%         4

Your spell library contained the following spells:

 Spells                   Type           Power      Damage    Failure   Level
 Passwall                 Tmut/Erth      6%         N/A       5%          2
 Ensorcelled Hibernation  Hex/Ice        14%        N/A       6%          2
 Magic Dart               Conj           8%         1d3       9%          1
 Spider Form              Tmut/Pois      8%         N/A       11%         3
 Call Imp                 Summ           2%         N/A       14%         2
 Mephitic Cloud           Conj/Pois/Air  5%         N/A       16%         3
 Inner Flame              Hex/Fire       2%         N/A       26%         3
 Tukima's Dance           Hex            2%         N/A       26%         3
 Flame Wave               Conj/Fire      2%         2d4       63%         4
 Olgreb's Toxic Radiance  Pois           2%         N/A       63%         4
 Passage of Golubria      Tloc           2%         N/A       63%         4
 Sticky Flame             Conj/Fire      2%         2d3       63%         4
 Yara's Violent Unravell  Hex/Tmut       4%         3d4       65%         5
 Ozocubu's Refrigeration  Ice            6%         4d8       100%        7
 Ignition                 Fire           1%         3d3       100%        8


Dungeon Overview and Level Annotations

Branches:
Dungeon (8/15)             Temple (0/1) D:4
   Lair: D:8-11

Altars:
Elyvilon
Makhleb
Okawaru
Wu Jian

Shops:
D:4 [

Annotations:
D:3 3 runed translucent doors, kae's ghost, amateur DrTm
D:5 3 runed translucent doors, RatherSlowDeath's ghost, amateur TrMo
D:7 1 runed translucent door, 2 transporters, Crazy Yiuf; decrepitude's ghost, novice HuIE
D:8 2 transporters, decrepitude's ghost, novice OgFE


Innate Abilities, Weirdness & Mutations

You can spit globs of acid.
Your golden yellow scales are hard. (AC +7)
You cannot fit into any form of body armour.
You are cold-blooded and may be slowed by cold attacks.
You are resistant to acid. (rCorr)


Message History

The eight-headed hydra bites you!
Unknown command.
You hit the eight-headed hydra.
The eight-headed hydra is moderately wounded.
Unknown command.
Unknown command.
You punch the eight-headed hydra!
The eight-headed hydra is heavily wounded.
The eight-headed hydra bites you but does no damage.
The eight-headed hydra bites you.
The eight-headed hydra bites you but does no damage.
The eight-headed hydra bites you! The eight-headed hydra misses you. x2
The eight-headed hydra bites you!
* * * LOW HITPOINT WARNING * * *
The eight-headed hydra bites you!
* * * LOW HITPOINT WARNING * * *
Unknown command.
A red film seems to cover your vision as you go berserk!
You feel yourself moving faster!
You feel mighty!
The eight-headed hydra barely misses you.
The eight-headed hydra bites you but does no damage. x2
The eight-headed hydra barely misses you.
The eight-headed hydra bites you.
* * * LOW HITPOINT WARNING * * *
The eight-headed hydra bites you!
* * * LOW HITPOINT WARNING * * *
The eight-headed hydra completely misses you.
The eight-headed hydra barely misses you.
Unknown command.
Unknown command.
You punch the eight-headed hydra!
The eight-headed hydra is heavily wounded.
The eight-headed hydra bites you but does no damage.
The eight-headed hydra misses you. The eight-headed hydra bites you!
* * * LOW HITPOINT WARNING * * *
The eight-headed hydra bites you!
* * * LOW HITPOINT WARNING * * *
The eight-headed hydra barely misses you.
The eight-headed hydra bites you!
You die...

........'.........'........#.#
##...#.##.........##........##
#...#.###.......###.......##
#.....# ##.....## ####.####
################## #.#.#
♣♣♣..÷÷)♣♣♣ ♣♣.♣♣#.#.#
♣♣..##'##|.♣♣♣♣♣)♣.♣#.#.#
♣.♣.#...#.♣.♣..D♣♣♣.....#
.♣♣.#####)♣♣.♣♣♣@♣)♣#.#.#
♣♣♣♣.....♣♣♣♣♣ ♣♣.♣♣#.#.#
##♣.♣## ### #...#
*****♣.******* **,**#####
,,,,,.♣,,,,,,***,*,**
,~,,.#**,,,~,**,***,*
,,,..*,*,,,,,***,*,**
,,.D,*,*,,,,,* **,**
,5..,,,,,,,,,* **,**


You could see an eight-headed hydra.

Vanquished Creatures
  A centaur warrior (D:8)
  Sigmund (D:5)
  3 yaks (D:8)
  2 steam dragons (D:8)
  An acid dragon (D:8)
  Duvessa (D:7)
  3 water moccasins
  4 black bears
  2 orc warriors (D:8)
  2 sky beasts
  2 ogres
  2 centaurs
  2 phantoms (D:5)
  A kobold brigand (D:6)
  Blork the orc (D:5)
  3 bullfrogs
  A scorpion (D:5)
  A necrophage (D:7)
  Dowan (D:7)
  6 killer bees (D:7)
  4 jellies
  2 orc priests (D:7)
  7 hounds
  2 gnoll boudas (D:8)
  Jessica (D:2)
  2 iguanas (D:6)
  2 orc wizards
  A mummy (D:6)
  10 gnolls
  6 adders
  A shadow imp (D:6)
  An ufetubus (D:4)
  4 worms
  16 orcs
  3 ball pythons
  4 bats
  6 endoplasms
  5 giant cockroaches
  4 goblins
  9 hobgoblins
  9 jackals
  10 kobolds
  3 quokkas (D:1)
  2 frilled lizards
  A hobgoblin zombie (D:6)
  3 kobold zombies (D:6)
  7 rats
165 creatures vanquished.

Vanquished Creatures (others)
  39 plants (D:8)
39 creatures vanquished.

Grand Total: 204 creatures vanquished

Notes
Turn   | Place    | Note
-------+----------+-------------------------------------------
     0 | D:1      | stonewall the Draconian Transmuter began the quest for the
                  | Orb.
     0 | D:1      | Reached XP level 1. HP: 16/16 MP: 3/3
   240 | D:1      | Reached XP level 2. HP: 21/23 MP: 5/5
   547 | D:1      | Reached skill level 4 in Unarmed Combat
   633 | D:1      | Reached XP level 3. HP: 16/28 MP: 6/6
  1288 | D:2      | Noticed Jessica
  1300 | D:2      | Killed Jessica
  1411 | D:2      | Reached XP level 4. HP: 32/35 MP: 7/7
  1456 | D:2      | Reached skill level 5 in Unarmed Combat
  1885 | D:2      | Found an ornate altar of the Wu Jian Council.
  1963 | D:2      | Learned a level 2 spell: Wereblood
  2019 | D:3      | Found a runed translucent gate.
  2020 | D:3      | Found a runed translucent gate.
  2027 | D:3      | Found a runed translucent gate.
  2047 | D:3      | Noticed kae's ghost (amateur DrTm)
  2182 | D:3      | Identified the +7 mace of the Radish {venom, Fragile rCorr
                  | Int+7 Dex+2}
  2376 | D:3      | Found a white marble altar of Elyvilon.
  2553 | D:3      | Reached XP level 5. HP: 40/40 MP: 6/8
  2645 | D:3      | Found a burning altar of Makhleb.
  2653 | D:3      | Became a worshipper of Makhleb the Destroyer
  2732 | D:4      | Reached skill level 6 in Unarmed Combat
  2798 | D:4      | Found Woisidghu's Antique Armour Shoppe.
  2805 | D:4      | Bought a cloak for 121 gold pieces
  2890 | D:4      | Noticed an ogre
  2903 | D:4      | Killed an ogre
  2904 | D:4      | Reached skill level 7 in Unarmed Combat
  2904 | D:4      | Reached XP level 6. HP: 40/47 MP: 9/9
  3009 | D:4      | Found a staircase to the Ecumenical Temple.
  3335 | D:4      | Reached skill level 8 in Unarmed Combat
  3335 | D:4      | Your scales start taking on a golden yellow colour.
  3335 | D:4      | Reached XP level 7. HP: 41/52 MP: 8/10
  3335 | D:4      | Gained mutation: You are resistant to acid. (rCorr) [Yellow
                  | Draconian growth]
  3432 | D:5      | Entered Level 5 of the Dungeon
  3437 | D:5      | Learned a level 3 spell: Swiftness
  3437 | D:5      | Noticed Blork the orc
  3448 | D:5      | Killed Blork the orc
  3484 | D:5      | Found a runed translucent gate.
  3484 | D:5      | Found a runed translucent gate.
  3484 | D:5      | Found a runed translucent gate.
  3507 | D:5      | Reached skill level 1 in Air Magic
  3705 | D:5      | Noticed RatherSlowDeath's ghost (amateur TrMo)
  3811 | D:5      | Reached * piety under Makhleb
  3841 | D:5      | Noticed Sigmund
  3854 | D:5      | Killed Sigmund
  3855 | D:5      | Reached skill level 9 in Unarmed Combat
  3855 | D:5      | Reached XP level 8. HP: 61/63 MP: 7/11
  4482 | D:6      | Identified the +4 ring mail of Duty {rPois rC- SInv}
  4799 | D:6      | Found an iron altar of Okawaru.
  5088 | D:6      | You fall into a shaft and drop 2 floors!
  5302 | D:6      | Reached skill level 10 in Unarmed Combat
  5695 | D:7      | Reached ** piety under Makhleb
  5696 | D:7      | Reached XP level 9. HP: 72/72 MP: 11/13
  5702 | D:7      | Learned a level 4 spell: Ice Form
  5858 | D:7      | Found a runed translucent door.
  5859 | D:7      | Noticed Crazy Yiuf
  6039 | D:7      | Found a transporter.
  6041 | D:7      | Found a transporter.
  6049 | D:7      | Noticed Duvessa
  6052 | D:7      | Noticed Dowan
  6067 | D:7      | Killed Dowan
  6068 | D:7      | Killed Duvessa
  6069 | D:7      | Reached skill level 1 in Ice Magic
  6099 | D:7      | Reached skill level 5 in Fighting
  6137 | D:7      | Identified the +2 ring mail of the Eleven Artisans {+Blink
                  | rElec Int-3}
  6574 | D:7      | Noticed decrepitude's ghost (novice HuIE)
  6922 | D:8      | Found a transporter.
  6937 | D:8      | Noticed decrepitude's ghost (novice OgFE)
  6975 | D:8      | Reached skill level 11 in Unarmed Combat
  7009 | D:8      | Found a transporter.
  7186 | D:8      | Noticed a centaur warrior
  7201 | D:8      | Killed a centaur warrior
  7202 | D:8      | Reached XP level 10. HP: 84/84 MP: 12/14
  7464 | D:8      | Noticed an eight-headed hydra
  7484 | D:8      | HP: 4/126 [eight-headed hydra (11)]
  7484 | D:8      | Slain by an eight-headed hydra

Illustrated notes

Levels and vault maps discovered:
D:1:      dpeg_arrival_snail, layout_basic, minmay_small_reverse_x
D:2:      layout_basic, basic_altar, uniq_jessica
D:3:      layout_basic, lightli_temple_of_fire, pf_just_have_faith,
          biasface_ghost_orc_armoury, kennysheep_donut
D:4:      layout_basic, minmay_temple_entry_ruins, serial_shops,
          nicolae_shop_competitors_out_of_business
D:5:      layout_basic, gammafunk_ghost_nasty_kobolds, uniq_sigmund,
          uniq_blork_the_orc
D:6:      layout_basic, nicolae_overflow_crystal_walls, minmay_mini_ossuary
D:7:      layout_cave_pods, gammafunk_ghost_hive, uniq_crazy_yiuf_cottage,
          uniq_duvessa
D:8:      nzn_winding_woodlands_large [nzn_winding_woodlands_5x5_checkerboard,
          nzn_winding_woodlands_5x15_default, nzn_winding_woodlands_hourglass,
          nzn_winding_woodlands_center_lodge,
          nzn_winding_woodlands_15x15_five_gardens,
          nzn_winding_woodlands_center_diamonds,
          nzn_winding_woodlands_5x5_cross, nzn_winding_woodlands_5x15_cabin,
          nzn_winding_woodlands_5x5_closed_star], layout_loops_corners,
          gammafunk_ghost_stat_death

Skill      XL: |  1  2  3  4  5  6  7  8  9 10 |
---------------+-------------------------------+-----
Unarmed Combat | 4 5 7 8 9 10 11 | 11.7
Air Magic      | 2 3 |  3.9
Fighting       | 3 4 6 |  6.5
Spellcasting   | 3 |  3.3
Ice Magic      | 3 4 |  4.0
Transmutations | 4 |  4.6
Dodging        | |  1.7

Action                   |  1- 3 |  4- 6 |  7- 9 | 10-12 || total
-------------------------+-------+-------+-------+-------++-------
Melee: Unarmed           |   101 |   192 |   302 |    27 ||   622
       Tailslap          |    12 |    31 |    39 |     3 ||    85
       Punch             |     5 |     6 |    17 |     1 ||    29
       Kick              |     2 |    14 |    67 |     3 ||    86
       Headbutt          |     2 |     9 |    42 |     1 ||    54
Throw: Dart              |       |     5 |     9 |       ||    14
 Cast: Beastly Appendage |     3 |    16 |    36 |       ||    55
       Wereblood         |       |     4 |     5 |       ||     9
  Use: Scroll            |     4 |     7 |     6 |       ||    17
       Potion            |       |     2 |     4 |     2 ||     8
 Stab: Sleeping          |     1 |       |     1 |     2 ||     4
Armor: Skin              |    29 |    60 |    93 |    10 ||   192
Dodge: Dodged            |    60 |   120 |   169 |    14 ||   363

Table legend: (Time is in decaauts)
 A = Elapsed time spent in this place.
 B = Non-inter-level travel time spent in this place.
 C = Inter-level travel time spent in this place.
 D = Time resting spent in this place.
 E = Time spent auto-exploring this place.
 F = Levels seen in this place.
 G = Mean time per level.
                   A        B        C        D        E       F      G
               +--------+--------+--------+--------+--------+-----+--------+
         Total |   7411 |   7101 |    310 |    171 |   5606 |   8 |  926.4 |
       Dungeon |   7411 |   7101 |    310 |    171 |   5606 |   8 |  926.4 |
               +--------+--------+--------+--------+--------+-----+--------+

Top non-repeatable levels by time:
     D:7: 1198 daAuts
     D:1: 1163 daAuts
     D:6: 1111 daAuts
     D:5: 950 daAuts
     D:2: 826 daAuts
     D:8: 747 daAuts
     D:3: 733 daAuts
     D:4: 680 daAuts
